 Dungeon Crawl Stone Soup version 0.21-a0-157-gb89e0e2 (webtiles) character file.

30 tsouns the Sneak (level 3, 0/27 HPs)
             Began as a Demonspawn Assassin on Aug 4, 2017.
             Succumbed to an adder's poison
             ... on level 2 of the Dungeon.
             The game lasted 00:02:28 (902 turns).

tsouns the Sneak (Demonspawn Assassin)               Turns: 902, Time: 00:02:28

Health: 0/27       AC:  5    Str: 10 (12) XL:     3   Next: 3%
Magic:  3/3        EV: 11    Int:  9 (12) God:
Gold:   66         SH:  0    Dex: 11 (14) Spells: 2/2 levels left

rFire    . . .     SeeInvis .   a - +2 dagger
rCold    . . .     Gourm    .   (no shield)
rNeg     + . .     Faith    .   c - +0 robe
rPois    .         Spirit   .   (no helmet)
rElec    .         Reflect  .   d - +0 cloak
rCorr    .         Harm     .   (no gloves)
MR       .....                  (no boots)
Stlth    ++........             (no amulet)
HPRegen  0.09/turn              m - ring of positive energy
MPRegen  0.08/turn              (no ring)

@: lethally poisoned (0 -> -2)
A: yellow scales 1, powered by death 1
a: no special abilities


You were on level 2 of the Dungeon.
You were not hungry.

You visited 1 branch of the dungeon, and saw 2 of its levels.

You collected 66 gold pieces.

Inventory:

Hand Weapons
 a - a +2 dagger (weapon)
 b - a +0 blowgun
Missiles
 e - 8 poisoned needles
 f - 2 curare-tipped needles
 i - 3 stones (quivered)
Armour
 c - a +0 robe (worn)
 d - a +0 cloak (worn)
Jewellery
 m - a ring of positive energy (left hand)
Scrolls
 h - 2 scrolls of identify {unknown}
 l - 2 scrolls of magic mapping {unknown}
Potions
 j - 2 potions of degeneration
Comestibles
 g - 2 bread rations
 n - a meat ration
 p - 2 chunks of flesh
 q - a royal jelly


   Skills:
 + Level 2.2 Fighting
 + Level 2.5 Short Blades
 - Level 1.7 Throwing
 - Level 0.8 Dodging
 + Level 4.1 Stealth


You had 2 spell levels left.
You didn't know any spells.

Dungeon Overview and Level Annotations

Branches:
Dungeon (2/15)

Altars:


Innate Abilities, Weirdness & Mutations

You are partially covered in yellow scales. (AC +2)
You regenerate a little health from kills.


Message History

Increase (S)trength, (I)ntelligence, or (D)exterity?
You feel stronger.
Your demonic ancestry asserts itself...
Yellow scales grow over part of your body.
Your magical effects are unravelling.
You feel magically purged.
You feel yourself slow down.
There is a lethal amount of poison in your body!
Unknown command.
There is a lethal amount of poison in your body!
Why would you want to do that? Why would you want to do that?
There is a lethal amount of poison in your body!
Unknown command.
* * * LOW HITPOINT WARNING * * *
You feel sick.
* * * LOW HITPOINT WARNING * * *
You feel sick.
* * * LOW HITPOINT WARNING * * *
You feel sick.
You die...

##..........#
....##..###.##. .##.###
##.###..###.##.##.......
#<#.....................
#.#.#..###.##.#...#..#.#
#.#.#..###.##..........#
#..........#.........#.#
###.########...........
#.#.....##.##@.(.....
#.#.............#..##
#............#.##..#
###..........#.#...#
#..........#.#.#.#
###.##.....#.#.#.#
#..########.....# #.##
#######.### #.#
#.......#


There were no monsters in sight!

Vanquished Creatures
  An adder (D:2)
  A dart slug (D:1)
  A leopard gecko (D:1)
  A bat (D:1)
  A giant cockroach (D:1)
  A goblin (D:1)
  5 hobgoblins (D:1)
  A ball python (D:1)
  2 frilled lizards (D:1)
  A kobold (D:1)
  2 rats (D:1)
17 creatures vanquished.

Notes
Turn   | Place    | Note
-------+----------+-------------------------------------------
     0 | D:1      | tsouns the Demonspawn Assassin began the quest for the Orb.
     0 | D:1      | Reached XP level 1. HP: 16/16 MP: 1/1
   229 | D:1      | Gained mutation: You regenerate a little health from kills. [demonic ancestry]
   229 | D:1      | Reached XP level 2. HP: 19/22 MP: 2/2
   560 | D:1      | Reached skill level 4 in Stealth
   890 | D:2      | Gained mutation: You are partially covered in yellow scales. (AC +2) [demonic ancestry]
   890 | D:2      | Reached XP level 3. HP: 3/27 MP: 3/3
   898 | D:2      | HP: 1/27 [poisoned by an adder]
   902 | D:2      | Succumbed to an adder's poison

Vault maps used:
D:1:      minmay_arrival_doors
D:2:      minmay_fountain_box

Skill      XL: |  1  2 |
---------------+-------+-----
Short Blades   | 2 |  2.5
Stealth        | 4 |  4.1
Fighting       | |  2.2
Throwing       | |  1.7
Dodging        | |  0.8

Action                   || total
-------------------------++-------
Melee: Dagger            ||    81
  Use: Potion            ||     4
 Stab: Sleeping          ||     4
       Distracted        ||     1
Armor: Robe              ||     9
Dodge: Dodged            ||    37
